AoeStats
← alejobr0790

Arena

510424804Analyzed
4v4 RM · 4h ago on Oct 1, 2026· 43m 10s· 8 players
Game mode
Random Map
Map size
Large (8 player)
Population
200
Speed
Normal
Resources
Standard
Victory
Conquest
Starting age
Dark Age
Ending age
Imperial Age
RankedLock teamsTeams togetherTeam positionsShared explorationLock speedFull tech treeHidden civsTurbo modeCheats
Victory
Defeat
🇨🇴 Turks · Colombia
1042
+13
🇨🇴 Khmer · Colombia
989
+15
🇨🇴 Poles · Colombia
974
+16
🇨🇴 Magyars · Colombia
936
+17
🇨🇴 Burgundians · Colombia
1003
-17
🇵🇱 Celts · Poland
963
-15
🇦🇺 Italians · Australia
951
-15
🇺🇸 Saxons · United States
949
-14
Formidable Bacon
10:54 Feudal Age
15:12 Castle Age
13:48 Double-Bit Axe
13:46 Horse Collar
17:29 Bow Saw
18:03 Heavy Plow
22:20 Loom
23:43 Wheelbarrow
31:16 Imperial Age
30:37 Crossbowman
31:23 Thumb Ring
31:11 Fletching
31:40 Arbalester
33:18 Bodkin Arrow
37:17 Hand Cart
38:28 Padded Archer Armor
_fizyk
8:41 Loom
10:55 Feudal Age
11:51 Feudal Age
16:12 Castle Age
15:17 Double-Bit Axe
16:44 Horse Collar
19:44 Gambesons
23:30 Bow Saw
23:24 Man-at-Arms
25:07 Long Swordsman
30:11 Heavy Plow
35:23 Imperial Age
33:45 Wheelbarrow
33:16 Pikeman
35:31 Heavy Scorpion
36:26 Fletching
36:37 Padded Archer Armor
37:14 Ballistics
38:24 Forging
38:15 Scale Mail Armor
hmora
11:11 Feudal Age
15:10 Castle Age
13:01 Double-Bit Axe
13:13 Horse Collar
14:11 Bow Saw
16:13 Loom
18:04 Loom
22:50 Scale Barding Armor
22:45 Cavalier
23:28 Husbandry
24:57 Wheelbarrow
24:26 Gold Mining
26:48 Two-Man Saw
27:02 Hand Cart
27:04 Squires
27:00 Arson
27:16 Squires
28:32 Heavy Plow
30:22 Chain Barding Armor
30:30 Fortified Wall
32:16 Gold Shaft Mining
31:32 Stone Mining
35:45 Stone Shaft Mining
39:23 Imperial Age
39:04 Scale Mail Armor
39:15 Forging
40:02 Onager
Angry Womble
11:21 Feudal Age
16:01 Castle Age
14:48 Stone Mining
14:48 Double-Bit Axe
Alkimista666
4:11 Loom
11:36 Feudal Age
16:34 Castle Age
14:23 Double-Bit Axe
16:28 Horse Collar
23:59 Wheelbarrow
23:51 Town Watch
24:42 Corvinian Army
27:14 Hand Cart
28:08 Town Patrol
28:15 Stone Mining
28:19 Gold Mining
28:28 Pikeman
28:54 Arson
29:18 Murder Holes
29:44 Ballistics
30:10 Heavy Plow
33:56 Imperial Age
31:47 Scale Mail Armor
33:19 Chain Mail Armor
33:10 Scale Barding Armor
34:20 Gold Shaft Mining
35:45 Chain Barding Armor
35:26 Padded Archer Armor
35:17 Fletching
37:37 Plate Barding Armor
36:27 Cavalier
37:08 Husbandry
36:31 Halberdier
40:52 Chemistry
40:04 Masonry
39:49 Paladin
41:49 Treadmill Crane
42:29 Leather Archer Armor
42:10 Bodkin Arrow
divineslain
11:47 Feudal Age
16:05 Castle Age
14:07 Double-Bit Axe
17:19 Bow Saw
24:24 Szlachta Privileges
26:21 Horse Collar
28:08 Bloodlines
27:59 Husbandry
28:59 Heavy Plow
30:00 Forging
29:56 Scale Barding Armor
32:13 Chain Barding Armor
32:29 Iron Casting
35:04 Imperial Age
35:09 Cavalier
37:41 Blast Furnace
36:59 Gold Mining
36:59 Stone Mining
40:37 Lechitic Legacy
40:46 Conscription
42:08 Coinage
alejobr0790
12:11 Feudal Age
16:10 Castle Age
14:39 Double-Bit Axe
15:02 Horse Collar
15:34 Gold Mining
25:12 Imperial Age
24:29 Bow Saw
24:23 Heavy Plow
27:16 Padded Archer Armor
33:37 Wheelbarrow
40:43 Heavy Camel Rider
JoseAli
11:36 Feudal Age
14:54 Castle Age
12:59 Double-Bit Axe
15:31 Stone Mining
21:02 Wheelbarrow
21:16 Loom
21:43 Town Watch
25:50 Horse Collar
28:32 Husbandry
28:43 Bloodlines
30:05 Bow Saw
32:39 Imperial Age
30:32 Scale Barding Armor
31:20 Gold Mining
33:16 Hand Cart
34:40 Chemistry
33:45 Heavy Plow
34:52 Stone Shaft Mining
34:43 Conscription
34:55 Double Crossbow
37:15 Siege Engineers
41:02 Gold Shaft Mining
41:24 Ballistics
42:25 Light Cavalry
Connection lost

Rejoining the realm…

Still unreachable

The connection could not be restored.

Session expired

The server has moved on; the page needs a fresh start.